 Dungeon Crawl Stone Soup version 0.20-a0-1086-g4bd2f5b (webtiles) character file.

80 Monsterracer the Firebug (level 4, -1/24 HPs)
             Began as a Deep Elf Fire Elementalist on May 1, 2017.
             Succumbed to kobold's curare-tipped needle
             ... on level 2 of the Dungeon.
             The game lasted 00:05:34 (2632 turns).

Monsterracer the Firebug (DEFE)                     Turns: 2632, Time: 00:05:35

Health: -1/24      AC:  4    Str:  2 (5)  XL:     4   Next: 18%
Magic:  11/11      EV: 13    Int: 18 (21) God:
Gold:   131        SH:  0    Dex: 14 (15) Spells: 2/10 levels left

rFire    . . .     SeeInvis .   j - +1 club
rCold    . . .     Gourm    .   (no shield)
rNeg     . . .     Faith    .   a - +1 robe
rPois    .         Spirit   .   (no helmet)
rElec    .         Reflect  .   (no cloak)
rCorr    .         Harm     .   (no gloves)
MR       .....                  m - +0 pair of boots
Stlth    ++........             (no amulet)
Regen    0.1/turn               (no ring)
MPRegen  0.2/turn               (no ring)

@: lethally poisoned (-1 -> -19), slowed, very slow
A: no striking features
a: no special abilities


You were on level 2 of the Dungeon.
You were not hungry.

You visited 1 branch of the dungeon, and saw 3 of its levels.

You collected 131 gold pieces.

Inventory:

Hand Weapons
 j - a +1 club (weapon)
Armour
 a - a +1 robe (worn)
 g - a +0 buckler
 m - a +0 pair of boots (worn)
Jewellery
 k - an uncursed amulet of rage {unknown}
Scrolls
 n - a scroll of teleportation
Potions
 d - 2 potions of haste
Books
 b - a book of Flames

   Spells                             Type                      Level
   a - Flame Tongue                   Conjuration/Fire             1
   b - Throw Flame                    Conjuration/Fire             2
   c - Conjure Flame                  Conjuration/Fire             3
   d - Inner Flame                    Hexes/Fire                   3
   e - Sticky Flame                   Conjuration/Fire             4
   f - Fireball                       Conjuration/Fire             5
Comestibles
 c - a bread ration
 f - 2 meat rations
 h - 2 chunks of flesh


   Skills:
 - Level 2.4 Dodging
 - Level 2.4 Stealth
 + Level 3.8 Spellcasting
 * Level 2.9 Conjurations
 * Level 4.2 Fire Magic


You had 2 spell levels left.
You knew the following spells:

 Your Spells              Type           Power        Failure   Level  Hunger
a - Flame Tongue          Conj/Fire      ###..        3%          1    None
b - Conjure Flame         Conj/Fire      ###.....     10%         3    ###....
c - Sticky Flame          Conj/Fire      ###.....     32%         4    ####...


Dungeon Overview and Level Annotations

Branches:
Dungeon (3/15)

Altars:


Message History

You have difficulty breathing.
You feel yourself slow down.
The kobold shoots a curare-tipped needle.
The curare-tipped needle hits you.
You are lethally poisoned!
You have difficulty breathing.
You feel as though you will be slow longer.
There is a stone staircase leading up here.
You see here 2 curare-tipped needles.
You feel very sick.
You climb upwards.
The goblin shouts!
* * * LOW HITPOINT WARNING * * *
You feel very sick.
There is a stone staircase leading down here.
Okay, then.
* * * LOW HITPOINT WARNING * * *
You feel sick.
* * * LOW HITPOINT WARNING * * *
You feel sick.
You die...

.# #....#.#####..# ###
######....#........###.##########
##...........#####.##............
.........###.##........###.##.##.
.........###.......##..###.##.##.
..............#.##......##.##....
...........#..#.##.##..###.#####รท
.................g..#.## #.#####.
.....)..##..#...@..>..# #.......
##.##.#........#.#..### ########
##.##.##....#.......#
......##.##.##.###..#
#.........[.##.###..#
.###........##......# .#
#........######.## .###........#
#.# #...........# #.#


You could see a goblin.

Vanquished Creatures
  3 adders
  4 worms (D:2)
  2 dart slugs (D:1)
  3 leopard geckos
  2 giant cockroaches (D:2)
  5 goblins
  2 hobgoblins
  2 jackals (D:2)
  2 quokkas (D:2)
  A ball python (D:1)
  2 bats (D:2)
  2 frilled lizards (D:2)
  4 kobolds
  4 rats
38 creatures vanquished.

Notes
Turn   | Place    | Note
-------+----------+-------------------------------------------
     0 | D:1      | Monsterracer the Deep Elf Fire Elementalist began the quest for the Orb.
     0 | D:1      | Reached XP level 1. HP: 10/10 MP: 6/6
   407 | D:1      | Reached XP level 2. HP: 15/15 MP: 4/8
  1297 | D:2      | Reached XP level 3. HP: 19/19 MP: 8/10
  1345 | D:2      | Reached skill level 4 in Fire Magic
  1355 | D:2      | Learned a level 3 spell: Conjure Flame
  1809 | D:2      | Reached XP level 4. HP: 24/24 MP: 9/11
  1889 | D:2      | Learned a level 4 spell: Sticky Flame
  2631 | D:2      | HP: 1/24 [poisoned by kobold (curare-tipped needle)]
  2632 | D:2      | Succumbed to kobold's curare-tipped needle

Vault maps used:
D:1:      minmay_arrival_shattered_statue, minivault_19, minmay_door_square,
          minmay_cupped
D:3:      first_bread, uniq_sigmund, uniq_jessica

Skill      XL: |  1  2  3 |
---------------+----------+-----
Conjurations   | 2 |  2.9
Fire Magic     | 4 |  4.2
Dodging        | |  2.4
Stealth        | |  2.4
Spellcasting   | |  3.8

Action                   |  1- 3 |  4- 6 || total
-------------------------+-------+-------++-------
Melee: Unarmed           |     5 |       ||     5
       Club              |     1 |       ||     1
 Cast: Flame Tongue      |    56 |    18 ||    74
       Conjure Flame     |     2 |     1 ||     3
  Use: Potion            |     1 |     1 ||     2
       Scroll            |     5 |     3 ||     8
  Eat: Chunk             |     3 |     2 ||     5
Armor: Robe              |     1 |     2 ||     3
       Leather armour    |     4 |       ||     4
Dodge: Dodged            |    15 |     6 ||    21
